Predators vs Blues
Created - 17 décembre 2016 at 10:07
Goals
|
| Predators |
2 |
0 |
3 |
5 |
| Blues |
1 |
5 |
2 |
8 |
|
Shots
|
| Predators |
11 |
10 |
11 |
32 |
| Blues |
11 |
18 |
10 |
39 |
|
1st period
1. Predators , Alexander Ovechkin 12 (Ryan Mcdonagh) at 6:16
2. Predators , Ryan Kesler 14 (Byron Bitz) at 15:24
3. Blues , Joe Pavelski 13 (Travis Hamonic, Nicklas Backstrom) at 18:56 (PP)
Penalties :
Brett Clark (Nas) for Roughing (Minor) at 8:54, John Moore (Nas) for Hooking (Minor) at 17:20
2nd period
4. Blues , Sergei Shirokov 5 (Taylor Hall, Bryce Lampman) at 0:55
5. Blues , Alex Pietrangelo 6 (Nicklas Backstrom) at 0:59 (PP)
6. Blues , Travis Zajac 8 (Sergei Shirokov, Taylor Hall) at 4:04
7. Blues , Taylor Pyatt 3 (Drew Fata, Kevin Porter) at 8:28
8. Blues , David Perron 13 (Nicklas Backstrom) at 18:14
Penalties :
Alexander Steen (Nas) for Interference (Minor) at 0:58, Joe Pavelski (STL) for Hooking (Minor) at 1:02, Byron Bitz (Nas) for Hooking (Minor) at 8:35, Byron Bitz (Nas) for Interference (Minor) at 12:50
3rd period
9. Predators , Byron Bitz 9 (Alexander Steen, Alexander Edler) at 14:16
10. Blues , Alex Pietrangelo 7 (Sergei Shirokov) at 14:50
11. Blues , David Perron 14 (Nicklas Backstrom) at 14:56
12. Predators , James Van Riemsdyk 5 (Ryan Mcdonagh, John Moore) at 16:21
13. Predators , Adam Burish 5 (Alexander Ovechkin, Alexander Edler) at 17:14
Penalties :
Joe Pavelski (STL) for High sticking (Minor) at 6:00
Goalie Stats
Steve Mason (Nas), 11 saves from 15 shots - (0,733), 24:04 minutes
Maxime Daigneault (Nas), 20 saves from 24 shots - (0,833), L, 5-7-1, 35:56 minutes
Tuukka Rask (STL), 27 saves from 32 shots - (0,844), W, 8-7-3, 60:00 minutes
Players Stats for Predators
Player Name G A P +/- PIM S H SB GA TA FO MP PP MP PK MP
------------------------------------------------------------------------------------
Adam Burish 1 0 1 0 0 3 2 0 0 0 0/0 16:35 1:40 1:26
Alexander Edler 0 2 2 -1 0 3 1 0 1 0 0/0 28:54 2:40 4:16
Alexander Ovechkin 1 1 2 0 0 2 1 0 0 0 0/0 17:36 1:40 2:16
Alexander Steen 0 1 1 -1 2 4 2 0 0 0 1/2 19:19 2:18 0:46
Andy Miele 0 0 0 0 0 1 0 0 0 0 0/3 9:07 1:40 0:00
Barret Jackman 0 0 0 -1 0 0 0 0 0 0 0/0 11:53 0:00 1:28
Brett Clark 0 0 0 -1 2 0 1 1 0 0 0/0 12:26 0:00 2:14
Byron Bitz 1 1 2 -1 4 4 2 0 0 2 0/1 20:28 2:18 1:45
Christian Ehrhoff 0 0 0 -1 0 2 1 0 0 1 0/0 22:47 2:40 0:21
David Jones 0 0 0 0 0 1 1 0 0 0 0/0 13:51 0:00 2:46
Frans Nielsen 0 0 0 0 0 1 3 0 0 0 3/8 15:51 0:00 2:11
James Van Riemsdyk 1 0 1 0 0 1 2 0 0 1 0/0 11:01 0:00 0:00
John Moore 0 1 1 1 2 2 0 0 1 0 0/0 19:50 1:18 2:28
Kris Vernarsky 0 0 0 0 0 1 0 0 0 0 1/4 11:01 0:00 0:00
Ryan Kesler 1 0 1 -1 0 5 1 0 1 0 22/48 22:36 2:18 3:58
Ryan Mcdonagh 0 2 2 1 0 2 2 3 1 1 0/0 24:12 1:18 4:21
Shane Doan 0 0 0 0 0 0 2 0 0 0 0/0 7:27 0:00 0:00
Steve Begin 0 0 0 0 0 0 0 0 0 0 0/0 7:27 0:00 0:00
Players Stats for Blues
Player Name G A P +/- PIM S H SB GA TA FO MP PP MP PK MP
------------------------------------------------------------------------------------
Alex Pietrangelo 2 0 2 1 0 5 2 3 0 0 0/0 24:41 4:27 1:25
Bryce Lampman 0 1 1 2 0 0 0 1 1 1 0/0 21:50 0:00 2:21
Darren Reid 0 0 0 1 0 3 0 1 0 0 0/0 6:53 0:05 0:00
David Perron 2 0 2 1 0 3 2 0 1 0 0/0 19:40 2:51 0:00
Drew Fata 0 1 1 0 0 2 0 3 0 1 0/0 15:14 0:00 1:25
Jake Gardiner 0 0 0 -1 0 1 1 1 0 0 0/0 23:00 4:27 0:12
Joe Pavelski 1 0 1 1 4 2 2 2 0 2 6/6 22:24 4:38 0:00
Kevin Porter 0 1 1 1 0 0 0 0 0 0 4/7 6:53 0:05 0:00
Lasse Kukkonen 0 0 0 0 0 1 0 0 0 0 0/0 13:45 3:07 0:00
Nicklas Backstrom 0 4 4 1 0 3 1 0 0 0 21/34 23:01 4:38 0:53
Nik Antropov 0 0 0 -2 0 2 1 1 1 0 4/10 12:51 0:00 2:18
Paul Kariya 0 0 0 -2 0 0 2 0 0 0 0/0 10:18 0:03 0:00
Sergei Shirokov 1 2 3 1 0 4 2 0 0 0 0/0 17:15 2:51 0:47
Taylor Hall 0 2 2 1 0 6 2 2 0 0 0/0 19:07 4:40 0:44
Taylor Pyatt 1 0 1 1 0 3 1 1 0 0 0/0 10:08 0:00 2:27
Tomas Kopecky 0 0 0 -2 0 0 0 0 0 0 0/0 10:15 0:00 0:00
Travis Hamonic 0 1 1 0 0 0 0 0 1 0 0/0 21:30 3:07 2:33
Travis Zajac 1 0 1 1 0 4 4 0 1 0 4/9 17:15 2:51 0:47
3 Stars
1 - Alex Pietrangelo (STL)
2 - Sergei Shirokov (STL)
3 - David Perron (STL)
Power Play
Predators - 0 on 2 Attempt(s) - 0,00%
Blues - 2 on 5 Attempt(s) - 40,00%
Penalty Kill
Predators - 3 on 5 Attempt(s) - 60,00%
- Score 0 goal in Penalty Kill
Blues - 2 on 2 Attempt(s) - 100,00%
- Score 0 goal in Penalty Kill
Team Stat
Predators - Hits : 21 - Faceoff Wins : 27 - Blocked Shots : 4 - Penalty Minutes : 10
Blues - Hits : 20 - Faceoff Wins : 39 - Blocked Shots : 15 - Penalty Minutes : 4
Official
Referees : O'Rourke Dan and VanMassenhoven Don
Linesman : Shane Heyer and Mark Pare
Game Notes
Maxime Daigneault enters game at 4:04 of 2nd period
Finance
Level 1 -- Attendance: 5681 (94,68%) -- Ticket Income 477 204 $
Level 2 -- Attendance: 4483 (89,66%) -- Ticket Income 233 116 $
Level 3 -- Attendance: 1892 (94,60%) -- Ticket Income 56 760 $
Level 4 -- Attendance: 3612 (90,30%) -- Ticket Income 68 628 $
Luxury Box -- Attendance: 827 (82,70%) -- Ticket Income 139 763 $
Game was played at the Scotttrade center.
Total Attendance: 16495 (91,64%)
Total Ticket Income: 975 471 $
Other Income: 146 321 $
Total Income: 1 121 792 $
Predators
5 vs 5 Forward
Center Left Wing Right Wing Time % Phy DF OF
1 Ryan Kesler Alexander Steen Byron Bitz 40 1 2 2
2 Frans Nielsen Alexander Ovechkin Adam Burish 30 1 2 2
3 Kris Vernarsky James Van Riemsdyk David Jones 20 1 2 2
4 Andy Miele Steve Begin Shane Doan 10 1 2 2
5 vs 5 Defense
Defense Defense Time % Phy DF OF
1 Christian Ehrhoff Alexander Edler 40 1 2 2
2 Ryan Mcdonagh John Moore 30 1 2 2
3 Barret Jackman Brett Clark 20 1 2 2
4 Alexander Edler Ryan Mcdonagh 10 1 2 2
PowerPlay Forward
Center Left Wing Right Wing Time % Phy DF OF
1 Ryan Kesler Alexander Steen Byron Bitz 60 0 0 5
2 Andy Miele Alexander Ovechkin Adam Burish 40 0 0 5
PowerPlay Defense
Defense Defense Time % Phy DF OF
1 Christian Ehrhoff Alexander Edler 60 1 1 3
2 Ryan Mcdonagh John Moore 40 1 1 3
Penalty Kill 4 Players Forward
Center Wing Time % Phy DF OF
1 Ryan Kesler Byron Bitz 60 1 2 2
2 Frans Nielsen Adam Burish 40 1 2 2
Penalty Kill 4 Players Defense
Defense Defense Time % Phy DF OF
1 Alexander Edler Ryan Mcdonagh 60 2 2 1
2 John Moore Brett Clark 40 1 3 1
Penalty Kill - 3 Players Forward
Forward Time % Phy DF OF
1 Byron Bitz 60 1 3 1
2 Frans Nielsen 40 1 3 1
Penalty Kill - 3 Players Defense
Defense Defense Time % Phy DF OF
1 Alexander Edler Ryan Mcdonagh 60 2 3 0
2 John Moore Brett Clark 40 1 4 0
4 vs 4 Forward
Center Wing Time % Phy DF OF
1 Alexander Ovechkin Byron Bitz 60 1 2 2
2 Ryan Kesler Adam Burish 40 1 2 2
4 vs 4 Defense
Defense Defense Time % Phy DF OF
1 Alexander Edler Ryan Mcdonagh 60 1 2 2
2 Christian Ehrhoff John Moore 40 1 2 2
Last Minutes Offensive
Center Left Wing Right Wing Defense Defense
Ryan Kesler Alexander Ovechkin Byron Bitz Alexander Edler Ryan Mcdonagh
Last Minutes Defensive
Center Left Wing Right Wing Defense Defense
Ryan Kesler Frans Nielsen Byron Bitz Ryan Mcdonagh Brett Clark
Goaltenders
Starting : Steve Mason
Backup : Maxime Daigneault
Extra Forwards
Normal : Adam Burish, Kris Vernarsky, David Jones - PP : Adam Burish, Kris Vernarsky - PK : David Jones
Extra Defensemen
Normal : Barret Jackman, John Moore, Brett Clark - PP : Barret Jackman - PK : John Moore, Brett Clark
Penalty Shots
Alexander Steen, Andy Miele, Alexander Ovechkin, David Jones, Christian Ehrhoff
Blues
5 vs 5 Forward
Center Left Wing Right Wing Time % Phy DF OF
1 Nicklas Backstrom David Perron Joe Pavelski 40 1 2 2
2 Travis Zajac Taylor Hall Sergei Shirokov 30 1 2 2
3 Nik Antropov Paul Kariya Tomas Kopecky 20 1 2 2
4 Kevin Porter Taylor Pyatt Darren Reid 10 1 2 2
5 vs 5 Defense
Defense Defense Time % Phy DF OF
1 Bryce Lampman Alex Pietrangelo 40 1 2 2
2 Travis Hamonic Jake Gardiner 30 1 2 2
3 Drew Fata Lasse Kukkonen 20 1 2 2
4 Jake Gardiner Drew Fata 10 1 2 2
PowerPlay Forward
Center Left Wing Right Wing Time % Phy DF OF
1 Nicklas Backstrom Taylor Hall Joe Pavelski 60 1 2 2
2 Travis Zajac David Perron Sergei Shirokov 40 1 2 2
PowerPlay Defense
Defense Defense Time % Phy DF OF
1 Jake Gardiner Alex Pietrangelo 60 1 2 2
2 Travis Hamonic Lasse Kukkonen 40 1 2 2
Penalty Kill 4 Players Forward
Center Wing Time % Phy DF OF
1 Nik Antropov Taylor Pyatt 60 1 2 2
2 Travis Zajac Sergei Shirokov 40 1 2 2
Penalty Kill 4 Players Defense
Defense Defense Time % Phy DF OF
1 Travis Hamonic Bryce Lampman 60 1 2 2
2 Alex Pietrangelo Drew Fata 40 1 2 2
Penalty Kill - 3 Players Forward
Forward Time % Phy DF OF
1 Nik Antropov 60 1 2 2
2 Taylor Pyatt 40 1 2 2
Penalty Kill - 3 Players Defense
Defense Defense Time % Phy DF OF
1 Travis Hamonic Jake Gardiner 60 1 2 2
2 Bryce Lampman Drew Fata 40 1 2 2
4 vs 4 Forward
Center Wing Time % Phy DF OF
1 Travis Zajac David Perron 60 1 2 2
2 Nicklas Backstrom Taylor Hall 40 1 2 2
4 vs 4 Defense
Defense Defense Time % Phy DF OF
1 Bryce Lampman Alex Pietrangelo 60 1 2 2
2 Drew Fata Jake Gardiner 40 1 2 2
Last Minutes Offensive
Center Left Wing Right Wing Defense Defense
Nicklas Backstrom David Perron Joe Pavelski Jake Gardiner Alex Pietrangelo
Last Minutes Defensive
Center Left Wing Right Wing Defense Defense
Nik Antropov David Perron Darren Reid Bryce Lampman Drew Fata
Goaltenders
Starting : Tuukka Rask
Backup : Ilya Bryzgalov
Extra Forwards
Normal : Nicklas Backstrom, Sergei Shirokov, Tomas Kopecky - PP : Nicklas Backstrom, David Perron - PK : Taylor Pyatt
Extra Defensemen
Normal : Drew Fata, Lasse Kukkonen, Jake Gardiner - PP : Bryce Lampman - PK : Travis Hamonic, Jake Gardiner
Penalty Shots
David Perron, Joe Pavelski, Travis Zajac, Nik Antropov, Sergei Shirokov
% Time on Ice - Predators
Lines # - Real PCT - Wanted PCT - Time Play
Normal Forward
1 - 34% - 40% - 16:31
2 - 28% - 30% - 13:29
3 - 23% - 20% - 11:01
4 - 15% - 10% - 7:27
Normal Defense
1 - 41% - 40% - 19:42
2 - 33% - 30% - 16:09
3 - 21% - 20% - 10:21
4 - 5% - 10% - 2:16
PP Forward
1 - 58% - 60% - 2:18
2 - 42% - 40% - 1:40
PP Defense
1 - 67% - 60% - 2:40
2 - 33% - 40% - 1:18
PK Forward
1 - 81% - 60% - 6:08
2 - 19% - 40% - 1:26
PK Defense
1 - 52% - 60% - 3:55
2 - 48% - 40% - 3:39
PK3 Forward
1 - 0% - 60%
2 - 0% - 40%
PK3 Defense
1 - 0% - 60%
2 - 0% - 40%
44 Forward
1 - 0% - 60%
2 - 0% - 40%
44 Defense
1 - 0% - 60%
2 - 0% - 40%
Last Minute Offensive - 0:00
Last Minute Defensive - 0:00
Total
Forward - 60:00
Defense - 60:00
|
% Time on Ice - Blues
Lines # - Real PCT - Wanted PCT - Time Play
Normal Forward
1 - 37% - 40% - 18:01
2 - 28% - 30% - 13:37
3 - 21% - 20% - 10:15
4 - 14% - 10% - 6:35
Normal Defense
1 - 42% - 40% - 20:10
2 - 30% - 30% - 14:29
3 - 21% - 20% - 10:16
4 - 7% - 10% - 3:33
PP Forward
1 - 62% - 60% - 4:43
2 - 38% - 40% - 2:51
PP Defense
1 - 59% - 60% - 4:27
2 - 41% - 40% - 3:07
PK Forward
1 - 80% - 60% - 3:11
2 - 20% - 40% - 0:47
PK Defense
1 - 64% - 60% - 2:33
2 - 36% - 40% - 1:25
PK3 Forward
1 - 0% - 60%
2 - 0% - 40%
PK3 Defense
1 - 0% - 60%
2 - 0% - 40%
44 Forward
1 - 0% - 60%
2 - 0% - 40%
44 Defense
1 - 0% - 60%
2 - 0% - 40%
Last Minute Offensive - 0:00
Last Minute Defensive - 0:00
Total
Forward - 60:00
Defense - 60:00
|
Play by Play
1st period
0:01 of 1st period - Joe Pavelski wins face-off versus Ryan Kesler in neutral zone.
0:06 of 1st period - Snap shot by Joe Pavelski.
0:06 of 1st period - Shot Misses the Net.
0:31 of 1st period - Ryan Mcdonagh is hit by Travis Zajac.
1:01 of 1st period - Ryan Mcdonagh is hit by Paul Kariya and loses puck.
1:18 of 1st period - Snap shot by Joe Pavelski.
1:18 of 1st period - Shot Misses the Net.
1:20 of 1st period - Snap shot by Joe Pavelski.
1:20 of 1st period - Shot Misses the Net.
1:24 of 1st period - Slapshot by Nicklas Backstrom.
1:24 of 1st period - Shot Misses the Net.
1:26 of 1st period - Slapshot by David Perron.
1:26 of 1st period - Deflect By Nicklas Backstrom.
1:26 of 1st period - Shot Blocked by Brett Clark.
1:26 of 1st period - Puck is out of play.
1:27 of 1st period - Ryan Kesler wins face-off versus Kevin Porter in Predators zone.
1:38 of 1st period - Slapshot by Ryan Kesler.
1:38 of 1st period - Stopped by Tuukka Rask with a rebound.
1:52 of 1st period - Alexander Ovechkin is hit by Joe Pavelski and loses puck.
3:07 of 1st period - Ryan Mcdonagh is hit by Taylor Pyatt and loses puck.
3:41 of 1st period - Alexander Edler is hit by Travis Zajac and loses puck.
3:50 of 1st period - Snap shot by Taylor Hall.
3:50 of 1st period - Stopped by Steve Mason without a rebound.
3:51 of 1st period - Alexander Steen wins face-off versus Nik Antropov in Predators zone.
4:45 of 1st period - Drew Fata is hit by Christian Ehrhoff.
4:53 of 1st period - Wrist shot by Taylor Hall.
4:53 of 1st period - Stopped by Steve Mason with a rebound.
5:04 of 1st period - Snap shot by Alexander Edler.
5:04 of 1st period - Shot Misses the Net.
5:06 of 1st period - Snap shot by Andy Miele.
5:06 of 1st period - Stopped by Tuukka Rask without a rebound.
5:07 of 1st period - Kevin Porter wins face-off versus Andy Miele in Blues zone.
5:17 of 1st period - Off-side.
5:18 of 1st period - Nicklas Backstrom wins face-off versus Ryan Kesler in neutral zone.
6:16 of 1st period - Wrist shot by Alexander Ovechkin.
6:16 of 1st period - Goal by Alexander Ovechkin - Predators : 1 - Blues : 0.
6:17 of 1st period - Frans Nielsen wins face-off versus Nicklas Backstrom in neutral zone.
6:53 of 1st period - Slapshot by Sergei Shirokov.
6:53 of 1st period - Stopped by Steve Mason with a rebound.
6:55 of 1st period - Snap shot by Taylor Hall.
6:55 of 1st period - Shot Misses the Net.
7:13 of 1st period - Snap shot by Ryan Kesler.
7:13 of 1st period - Shot Blocked by Alex Pietrangelo.
7:15 of 1st period - Slapshot by Ryan Mcdonagh.
7:15 of 1st period - Stopped by Tuukka Rask with a rebound.
7:17 of 1st period - Snap shot by Ryan Mcdonagh.
7:17 of 1st period - Deflect By Byron Bitz.
7:17 of 1st period - Stopped by Tuukka Rask without a rebound.
7:18 of 1st period - Frans Nielsen wins face-off versus Nicklas Backstrom in Blues zone.
8:28 of 1st period - Snap shot by Andy Miele.
8:28 of 1st period - Shot Blocked by Jake Gardiner.
8:30 of 1st period - Slapshot by Ryan Mcdonagh.
8:30 of 1st period - Stopped by Tuukka Rask without a rebound.
8:31 of 1st period - Joe Pavelski wins face-off versus Andy Miele in Blues zone.
8:42 of 1st period - Wrist shot by Nicklas Backstrom.
8:42 of 1st period - Stopped by Steve Mason with a rebound.
8:54 of 1st period - Minor Penalty to Brett Clark for Roughing.
8:55 of 1st period - Ryan Kesler wins face-off versus Nicklas Backstrom in Predators zone.
9:20 of 1st period - Byron Bitz is hit by Sergei Shirokov.
10:54 of 1st period - Penalty to Brett Clark is over, Brett Clark is back on ice.
10:57 of 1st period - Icing by Taylor Hall.
10:58 of 1st period - Frans Nielsen wins face-off versus Kevin Porter in Blues zone.
11:58 of 1st period - Snap shot by Adam Burish.
11:58 of 1st period - Shot Misses the Net.
12:00 of 1st period - Slapshot by Adam Burish.
12:00 of 1st period - Stopped by Tuukka Rask without a rebound.
12:01 of 1st period - Ryan Kesler wins face-off versus Travis Zajac in Blues zone.
12:28 of 1st period - Alexander Ovechkin is hit by David Perron and loses puck.
12:41 of 1st period - Frans Nielsen is hit by David Perron.
13:11 of 1st period - Alex Pietrangelo is hit by Byron Bitz and loses puck.
13:28 of 1st period - Wrist shot by Tomas Kopecky.
13:28 of 1st period - Shot Misses the Net.
13:46 of 1st period - Snap shot by Steve Begin.
13:46 of 1st period - Shot Misses the Net.
13:48 of 1st period - Wrist shot by John Moore.
13:48 of 1st period - Shot Misses the Net.
13:50 of 1st period - Wrist shot by Shane Doan.
13:50 of 1st period - Shot Blocked by Alex Pietrangelo.
14:00 of 1st period - Alex Pietrangelo is hit by Ryan Mcdonagh and loses puck.
14:13 of 1st period - Nicklas Backstrom is hit by Adam Burish and loses puck.
14:49 of 1st period - Wrist shot by Taylor Hall.
14:49 of 1st period - Stopped by Steve Mason with a rebound.
14:51 of 1st period - Wrist shot by Travis Zajac.
14:51 of 1st period - Shot Misses the Net.
14:53 of 1st period - Slapshot by Travis Hamonic.
14:53 of 1st period - Shot Misses the Net.
14:55 of 1st period - Snap shot by Sergei Shirokov.
14:55 of 1st period - Stopped by Steve Mason with a rebound.
14:57 of 1st period - Slapshot by Jake Gardiner.
14:57 of 1st period - Shot Misses the Net.
14:59 of 1st period - Wrist shot by Travis Zajac.
14:59 of 1st period - Stopped by Steve Mason with a rebound.
15:24 of 1st period - Snap shot by Ryan Kesler.
15:24 of 1st period - Goal by Ryan Kesler - Predators : 2 - Blues : 0.
15:25 of 1st period - Nicklas Backstrom wins face-off versus Frans Nielsen in neutral zone.
16:40 of 1st period - Slapshot by Alexander Edler.
16:40 of 1st period - Deflect By Alex Pietrangelo.
16:40 of 1st period - Stopped by Tuukka Rask with a rebound.
16:42 of 1st period - Slapshot by Christian Ehrhoff.
16:42 of 1st period - Shot Blocked by Darren Reid.
16:56 of 1st period - Slapshot by Alexander Ovechkin.
16:56 of 1st period - Stopped by Tuukka Rask without a rebound.
16:57 of 1st period - Nicklas Backstrom wins face-off versus Frans Nielsen in Blues zone.
17:02 of 1st period - Snap shot by Joe Pavelski.
17:02 of 1st period - Deflect By Alexander Ovechkin.
17:02 of 1st period - Stopped by Steve Mason with a rebound.
17:04 of 1st period - Snap shot by Nicklas Backstrom.
17:04 of 1st period - Shot Misses the Net.
17:06 of 1st period - Wrist shot by Joe Pavelski.
17:06 of 1st period - Shot Misses the Net.
17:08 of 1st period - Wrist shot by David Perron.
17:08 of 1st period - Shot Misses the Net.
17:10 of 1st period - Snap shot by Nicklas Backstrom.
17:10 of 1st period - Shot Blocked by Ryan Mcdonagh.
17:12 of 1st period - Slapshot by Drew Fata.
17:12 of 1st period - Shot Misses the Net.
17:14 of 1st period - Slapshot by Drew Fata.
17:14 of 1st period - Deflect By Ryan Mcdonagh.
17:14 of 1st period - Stopped by Steve Mason with a rebound.
17:20 of 1st period - Minor Penalty to John Moore for Hooking.
17:21 of 1st period - Nicklas Backstrom wins face-off versus Ryan Kesler in Predators zone.
17:46 of 1st period - Alexander Edler is hit by Travis Zajac and loses puck.
18:52 of 1st period - Wrist shot by Taylor Hall.
18:52 of 1st period - Stopped by Steve Mason with a rebound.
18:54 of 1st period - Wrist shot by Nicklas Backstrom.
18:54 of 1st period - Shot Misses the Net.
18:56 of 1st period - Slapshot by Travis Hamonic.
18:56 of 1st period - Deflect By Joe Pavelski.
18:56 of 1st period - Goal by Joe Pavelski - Predators : 2 - Blues : 1.
18:57 of 1st period - Nik Antropov wins face-off versus Ryan Kesler in neutral zone.
19:12 of 1st period - Wrist shot by Ryan Kesler.
19:12 of 1st period - Stopped by Tuukka Rask with a rebound.
Goals for this period are 2 for Predators vs 1 for Blues.
Shots for this period are 11 for Predators vs 11 for Blues.
2nd period
0:01 of 2nd period - Nicklas Backstrom wins face-off versus Ryan Kesler in neutral zone.
0:12 of 2nd period - Slapshot by Nicklas Backstrom.
0:12 of 2nd period - Stopped by Steve Mason without a rebound.
0:13 of 2nd period - Nicklas Backstrom wins face-off versus Ryan Kesler in Predators zone.
0:37 of 2nd period - Icing by Nicklas Backstrom.
0:38 of 2nd period - Travis Zajac wins face-off versus Frans Nielsen in Blues zone.
0:49 of 2nd period - Slapshot by Alex Pietrangelo.
0:49 of 2nd period - Shot Misses the Net.
0:53 of 2nd period - Snap shot by Taylor Hall.
0:53 of 2nd period - Shot Blocked by Ryan Mcdonagh.
0:55 of 2nd period - Slapshot by Sergei Shirokov.
0:55 of 2nd period - Goal by Sergei Shirokov - Predators : 2 - Blues : 2.
0:56 of 2nd period - Ryan Kesler wins face-off versus Nicklas Backstrom in neutral zone.
0:58 of 2nd period - Minor Penalty to Alexander Steen for Interference.
0:59 of 2nd period - Nicklas Backstrom wins face-off versus Ryan Kesler in Predators zone.
0:59 of 2nd period - Slapshot by Alex Pietrangelo.
0:59 of 2nd period - Goal by Alex Pietrangelo - Predators : 2 - Blues : 3.
1:00 of 2nd period - Joe Pavelski wins face-off versus Ryan Kesler in neutral zone.
1:02 of 2nd period - Minor Penalty to Joe Pavelski for Hooking.
1:03 of 2nd period - Ryan Kesler wins face-off versus Nik Antropov in Blues zone.
1:13 of 2nd period - Snap shot by Ryan Kesler.
1:13 of 2nd period - Stopped by Tuukka Rask without a rebound.
1:14 of 2nd period - Ryan Kesler wins face-off versus Nik Antropov in Blues zone.
1:15 of 2nd period - Wrist shot by Alexander Steen.
1:15 of 2nd period - Stopped by Tuukka Rask with a rebound.
1:17 of 2nd period - Slapshot by Byron Bitz.
1:17 of 2nd period - Deflect By Alexander Steen.
1:17 of 2nd period - Stopped by Tuukka Rask without a rebound.
1:18 of 2nd period - Nik Antropov wins face-off versus Ryan Kesler in Blues zone.
1:29 of 2nd period - Wrist shot by Alexander Steen.
1:29 of 2nd period - Stopped by Tuukka Rask without a rebound.
1:30 of 2nd period - Ryan Kesler wins face-off versus Nik Antropov in Blues zone.
2:01 of 2nd period - Snap shot by Andy Miele.
2:01 of 2nd period - Shot Misses the Net.
2:03 of 2nd period - Slapshot by Alexander Edler.
2:03 of 2nd period - Shot Misses the Net.
2:05 of 2nd period - Snap shot by Alexander Ovechkin.
2:05 of 2nd period - Shot Blocked by Nik Antropov.
3:02 of 2nd period - Penalty to Joe Pavelski is over, Joe Pavelski is back on ice.
4:04 of 2nd period - Wrist shot by Sergei Shirokov.
4:04 of 2nd period - Deflect By Travis Zajac.
4:04 of 2nd period - Goal by Travis Zajac - Predators : 2 - Blues : 4.
4:04 of 2nd period - Maxime Daigneault enters game.
4:05 of 2nd period - Ryan Kesler wins face-off versus Travis Zajac in neutral zone.
4:32 of 2nd period - Lasse Kukkonen is hit by James Van Riemsdyk and loses puck.
4:37 of 2nd period - Slapshot by David Jones.
4:37 of 2nd period - Stopped by Tuukka Rask with a rebound.
4:39 of 2nd period - Snap shot by Christian Ehrhoff.
4:39 of 2nd period - Stopped by Tuukka Rask with a rebound.
4:41 of 2nd period - Slapshot by Alexander Edler.
4:41 of 2nd period - Stopped by Tuukka Rask with a rebound.
5:02 of 2nd period - Off-side.
5:03 of 2nd period - Travis Zajac wins face-off versus Ryan Kesler in neutral zone.
5:06 of 2nd period - Wrist shot by Travis Zajac.
5:06 of 2nd period - Stopped by Maxime Daigneault with a rebound.
5:32 of 2nd period - Slapshot by Alexander Ovechkin.
5:32 of 2nd period - Deflect By Adam Burish.
5:32 of 2nd period - Stopped by Tuukka Rask without a rebound.
5:33 of 2nd period - Nicklas Backstrom wins face-off versus Ryan Kesler in Blues zone.
5:48 of 2nd period - Snap shot by Ryan Kesler.
5:48 of 2nd period - Shot Misses the Net.
5:58 of 2nd period - Frans Nielsen is hit by Alex Pietrangelo and loses puck.
6:19 of 2nd period - Alexander Edler is hit by Nik Antropov and loses puck.
7:41 of 2nd period - Travis Hamonic is hit by James Van Riemsdyk and loses puck.
8:26 of 2nd period - Snap shot by Taylor Pyatt.
8:26 of 2nd period - Stopped by Maxime Daigneault with a rebound.
8:28 of 2nd period - Backhand shot by Drew Fata.
8:28 of 2nd period - Deflect By Taylor Pyatt.
8:28 of 2nd period - Deflect By Ryan Kesler.
8:28 of 2nd period - Goal by Taylor Pyatt - Predators : 2 - Blues : 5.
8:29 of 2nd period - Joe Pavelski wins face-off versus Ryan Kesler in neutral zone.
8:35 of 2nd period - Minor Penalty to Byron Bitz for Hooking.
8:36 of 2nd period - Ryan Kesler wins face-off versus Nicklas Backstrom in Predators zone.
8:36 of 2nd period - Ryan Kesler is hit by Alex Pietrangelo.
9:22 of 2nd period - David Jones is hit by Travis Zajac.
9:38 of 2nd period - Sergei Shirokov is hit by Frans Nielsen and loses puck.
10:28 of 2nd period - John Moore is hit by Nicklas Backstrom and loses puck.
10:35 of 2nd period - Penalty to Byron Bitz is over, Byron Bitz is back on ice.
10:55 of 2nd period - Nik Antropov is hit by Shane Doan and loses puck.
11:11 of 2nd period - Icing by Kevin Porter.
11:12 of 2nd period - Kevin Porter wins face-off versus Frans Nielsen in Blues zone.
11:43 of 2nd period - Slapshot by Alex Pietrangelo.
11:43 of 2nd period - Stopped by Maxime Daigneault without a rebound.
11:44 of 2nd period - Nik Antropov wins face-off versus Ryan Kesler in Predators zone.
12:14 of 2nd period - Slapshot by Kris Vernarsky.
12:14 of 2nd period - Shot Blocked by Bryce Lampman.
12:16 of 2nd period - Backhand shot by Christian Ehrhoff.
12:16 of 2nd period - Deflect By Alex Pietrangelo.
12:16 of 2nd period - Stopped by Tuukka Rask without a rebound.
12:17 of 2nd period - Nicklas Backstrom wins face-off versus Kris Vernarsky in Blues zone.
12:44 of 2nd period - John Moore is hit by Sergei Shirokov and loses puck.
12:50 of 2nd period - Minor Penalty to Byron Bitz for Interference.
12:51 of 2nd period - Nicklas Backstrom wins face-off versus Ryan Kesler in Predators zone.
12:57 of 2nd period - Snap shot by Joe Pavelski.
12:57 of 2nd period - Shot Misses the Net.
12:59 of 2nd period - Snap shot by Alex Pietrangelo.
12:59 of 2nd period - Stopped by Maxime Daigneault without a rebound.
13:00 of 2nd period - Nicklas Backstrom wins face-off versus Ryan Kesler in Predators zone.
13:07 of 2nd period - Slapshot by Taylor Hall.
13:07 of 2nd period - Stopped by Maxime Daigneault without a rebound.
13:08 of 2nd period - Nicklas Backstrom wins face-off versus Ryan Kesler in Predators zone.
13:11 of 2nd period - Slapshot by Alex Pietrangelo.
13:11 of 2nd period - Shot Blocked by Ryan Mcdonagh.
13:13 of 2nd period - Wrist shot by Joe Pavelski.
13:13 of 2nd period - Shot Misses the Net.
13:15 of 2nd period - Slapshot by Jake Gardiner.
13:15 of 2nd period - Stopped by Maxime Daigneault without a rebound.
13:16 of 2nd period - Ryan Kesler wins face-off versus Nicklas Backstrom in Predators zone.
13:25 of 2nd period - Slapshot by Alexander Edler.
13:25 of 2nd period - Shot Blocked by Alex Pietrangelo.
13:55 of 2nd period - Snap shot by David Perron.
13:55 of 2nd period - Stopped by Maxime Daigneault with a rebound.
14:05 of 2nd period - Frans Nielsen is hit by Taylor Hall and loses puck.
14:50 of 2nd period - Penalty to Byron Bitz is over, Byron Bitz is back on ice.
15:12 of 2nd period - Snap shot by Nik Antropov.
15:12 of 2nd period - Stopped by Maxime Daigneault without a rebound.
15:13 of 2nd period - Kevin Porter wins face-off versus Kris Vernarsky in Predators zone.
15:14 of 2nd period - Snap shot by Darren Reid.
15:14 of 2nd period - Stopped by Maxime Daigneault with a rebound.
15:16 of 2nd period - Slapshot by Lasse Kukkonen.
15:16 of 2nd period - Stopped by Maxime Daigneault without a rebound.
15:17 of 2nd period - Kevin Porter wins face-off versus Kris Vernarsky in Predators zone.
15:46 of 2nd period - Wrist shot by Travis Zajac.
15:46 of 2nd period - Stopped by Maxime Daigneault with a rebound.
15:48 of 2nd period - Wrist shot by Lasse Kukkonen.
15:48 of 2nd period - Deflect By Sergei Shirokov.
15:48 of 2nd period - Stopped by Maxime Daigneault without a rebound.
15:49 of 2nd period - Ryan Kesler wins face-off versus Travis Zajac in Predators zone.
16:12 of 2nd period - Snap shot by Adam Burish.
16:12 of 2nd period - Shot Blocked by Taylor Hall.
16:55 of 2nd period - Off-side.
16:56 of 2nd period - Ryan Kesler wins face-off versus Nik Antropov in neutral zone.
17:32 of 2nd period - Wrist shot by Frans Nielsen.
17:32 of 2nd period - Stopped by Tuukka Rask without a rebound.
17:33 of 2nd period - Travis Zajac wins face-off versus Ryan Kesler in Blues zone.
18:04 of 2nd period - Wrist shot by Alexander Ovechkin.
18:04 of 2nd period - Shot Misses the Net.
18:06 of 2nd period - Wrist shot by Adam Burish.
18:06 of 2nd period - Shot Blocked by Joe Pavelski.
18:08 of 2nd period - Snap shot by Adam Burish.
18:08 of 2nd period - Deflect By David Perron.
18:08 of 2nd period - Shot Blocked by Drew Fata.
18:08 of 2nd period - Puck is out of play.
18:09 of 2nd period - Nicklas Backstrom wins face-off versus Ryan Kesler in Blues zone.
18:14 of 2nd period - Snap shot by David Perron.
18:14 of 2nd period - Goal by David Perron - Predators : 2 - Blues : 6.
18:15 of 2nd period - Ryan Kesler wins face-off versus Nicklas Backstrom in neutral zone.
19:56 of 2nd period - Wrist shot by Byron Bitz.
19:56 of 2nd period - Shot Blocked by Drew Fata.
Goals for this period are 0 for Predators vs 5 for Blues.
Shots for this period are 10 for Predators vs 18 for Blues.
3rd period
0:01 of 3rd period - Joe Pavelski wins face-off versus Ryan Kesler in neutral zone.
0:34 of 3rd period - Slapshot by Frans Nielsen.
0:34 of 3rd period - Shot Misses the Net.
0:36 of 3rd period - Slapshot by John Moore.
0:36 of 3rd period - Stopped by Tuukka Rask without a rebound.
0:37 of 3rd period - Ryan Kesler wins face-off versus Nicklas Backstrom in Blues zone.
0:42 of 3rd period - Slapshot by Ryan Kesler.
0:42 of 3rd period - Shot Misses the Net.
0:44 of 3rd period - Snap shot by Byron Bitz.
0:44 of 3rd period - Stopped by Tuukka Rask without a rebound.
0:45 of 3rd period - Ryan Kesler wins face-off versus Nicklas Backstrom in Blues zone.
0:50 of 3rd period - Slapshot by Alexander Edler.
0:50 of 3rd period - Shot Blocked by Joe Pavelski.
1:18 of 3rd period - Backhand shot by Taylor Hall.
1:18 of 3rd period - Stopped by Maxime Daigneault with a rebound.
1:20 of 3rd period - Slapshot by Jake Gardiner.
1:20 of 3rd period - Deflect By Taylor Hall.
1:20 of 3rd period - Shot Hit the Post.
1:20 of 3rd period - Puck is out of play.
1:21 of 3rd period - Nicklas Backstrom wins face-off versus Byron Bitz in Predators zone.
2:06 of 3rd period - Alex Pietrangelo is hit by David Jones and loses puck.
2:23 of 3rd period - Alex Pietrangelo is hit by Frans Nielsen and loses puck.
2:42 of 3rd period - Snap shot by Darren Reid.
2:42 of 3rd period - Stopped by Maxime Daigneault with a rebound.
3:10 of 3rd period - Nicklas Backstrom is hit by Shane Doan and loses puck.
4:02 of 3rd period - Travis Hamonic is hit by Byron Bitz and loses puck.
4:20 of 3rd period - John Moore is hit by Jake Gardiner and loses puck.
5:26 of 3rd period - Wrist shot by Alexander Steen.
5:26 of 3rd period - Stopped by Tuukka Rask without a rebound.
5:27 of 3rd period - Ryan Kesler wins face-off versus Nicklas Backstrom in Blues zone.
5:38 of 3rd period - Snap shot by Byron Bitz.
5:38 of 3rd period - Stopped by Tuukka Rask without a rebound.
5:39 of 3rd period - Ryan Kesler wins face-off versus Nicklas Backstrom in Blues zone.
6:00 of 3rd period - Minor Penalty to Joe Pavelski for High sticking.
6:01 of 3rd period - Nik Antropov wins face-off versus Ryan Kesler in Blues zone.
6:26 of 3rd period - Travis Hamonic is hit by Adam Burish and loses puck.
8:00 of 3rd period - Penalty to Joe Pavelski is over, Joe Pavelski is back on ice.
8:14 of 3rd period - Slapshot by Nik Antropov.
8:14 of 3rd period - Stopped by Maxime Daigneault with a rebound.
8:17 of 3rd period - Icing by David Jones.
8:18 of 3rd period - Kris Vernarsky wins face-off versus Travis Zajac in Predators zone.
9:08 of 3rd period - Off-side.
9:09 of 3rd period - Ryan Kesler wins face-off versus Nik Antropov in neutral zone.
9:12 of 3rd period - Travis Hamonic is hit by Ryan Kesler and loses puck.
9:33 of 3rd period - Jake Gardiner is hit by Frans Nielsen and loses puck.
9:52 of 3rd period - David Jones is hit by Taylor Hall and loses puck.
9:59 of 3rd period - Snap shot by Taylor Hall.
9:59 of 3rd period - Deflect By Travis Zajac.
9:59 of 3rd period - Shot Misses the Net.
9:59 of 3rd period - Puck is out of play.
10:00 of 3rd period - Ryan Kesler wins face-off versus Travis Zajac in Predators zone.
10:12 of 3rd period - Snap shot by Byron Bitz.
10:12 of 3rd period - Shot Misses the Net.
11:35 of 3rd period - Off-side.
11:36 of 3rd period - Ryan Kesler wins face-off versus Kevin Porter in neutral zone.
11:39 of 3rd period - Wrist shot by Byron Bitz.
11:39 of 3rd period - Shot Blocked by Taylor Pyatt.
11:57 of 3rd period - Slapshot by Travis Hamonic.
11:57 of 3rd period - Deflect By Darren Reid.
11:57 of 3rd period - Stopped by Maxime Daigneault without a rebound.
11:58 of 3rd period - Nicklas Backstrom wins face-off versus Frans Nielsen in Predators zone.
12:25 of 3rd period - Sergei Shirokov is hit by Alexander Steen and loses puck.
12:36 of 3rd period - Jake Gardiner is hit by Alexander Steen and loses puck.
13:01 of 3rd period - Drew Fata is hit by Brett Clark and loses puck.
13:36 of 3rd period - Slapshot by Taylor Pyatt.
13:36 of 3rd period - Stopped by Maxime Daigneault with a rebound.
14:02 of 3rd period - Slapshot by Ryan Kesler.
14:02 of 3rd period - Stopped by Tuukka Rask without a rebound.
14:03 of 3rd period - Ryan Kesler wins face-off versus Nicklas Backstrom in Blues zone.
14:10 of 3rd period - Wrist shot by Byron Bitz.
14:10 of 3rd period - Shot Misses the Net.
14:12 of 3rd period - Slapshot by Alexander Edler.
14:12 of 3rd period - Stopped by Tuukka Rask with a rebound.
14:14 of 3rd period - Wrist shot by Alexander Steen.
14:14 of 3rd period - Shot Misses the Net.
14:16 of 3rd period - Snap shot by Byron Bitz.
14:16 of 3rd period - Goal by Byron Bitz - Predators : 3 - Blues : 6.
14:17 of 3rd period - Joe Pavelski wins face-off versus Alexander Steen in neutral zone.
14:50 of 3rd period - Slapshot by Alex Pietrangelo.
14:50 of 3rd period - Goal by Alex Pietrangelo - Predators : 3 - Blues : 7.
14:51 of 3rd period - Nicklas Backstrom wins face-off versus Ryan Kesler in neutral zone.
14:56 of 3rd period - Snap shot by David Perron.
14:56 of 3rd period - Goal by David Perron - Predators : 3 - Blues : 8.
14:57 of 3rd period - Nicklas Backstrom wins face-off versus Ryan Kesler in neutral zone.
15:31 of 3rd period - Backhand shot by Alex Pietrangelo.
15:31 of 3rd period - Stopped by Maxime Daigneault with a rebound.
16:12 of 3rd period - John Moore is hit by Paul Kariya and loses puck.
16:21 of 3rd period - Wrist shot by James Van Riemsdyk.
16:21 of 3rd period - Goal by James Van Riemsdyk - Predators : 4 - Blues : 8.
16:22 of 3rd period - Nicklas Backstrom wins face-off versus Ryan Kesler in neutral zone.
16:33 of 3rd period - Snap shot by Nicklas Backstrom.
16:33 of 3rd period - Stopped by Maxime Daigneault without a rebound.
16:34 of 3rd period - Ryan Kesler wins face-off versus Nicklas Backstrom in Predators zone.
16:34 of 3rd period - Ryan Kesler is hit by Joe Pavelski.
16:37 of 3rd period - Icing by Alexander Steen.
16:38 of 3rd period - Nicklas Backstrom wins face-off versus Ryan Kesler in Predators zone.
17:05 of 3rd period - Taylor Hall is hit by Alexander Ovechkin and loses puck.
17:14 of 3rd period - Wrist shot by Adam Burish.
17:14 of 3rd period - Goal by Adam Burish - Predators : 5 - Blues : 8.
17:15 of 3rd period - Nicklas Backstrom wins face-off versus Ryan Kesler in neutral zone.
17:32 of 3rd period - Travis Hamonic is hit by Ryan Mcdonagh and loses puck.
17:53 of 3rd period - Snap shot by Frans Nielsen.
17:53 of 3rd period - Shot Blocked by Taylor Hall.
18:05 of 3rd period - Snap shot by Kris Vernarsky.
18:05 of 3rd period - Stopped by Tuukka Rask with a rebound.
18:29 of 3rd period - Off-side.
18:30 of 3rd period - Nicklas Backstrom wins face-off versus Andy Miele in neutral zone.
18:35 of 3rd period - Wrist shot by Drew Fata.
18:35 of 3rd period - Stopped by Maxime Daigneault with a rebound.
18:53 of 3rd period - Slapshot by Ryan Mcdonagh.
18:53 of 3rd period - Shot Blocked by Drew Fata.
18:55 of 3rd period - Slapshot by John Moore.
18:55 of 3rd period - Deflect By David Perron.
18:55 of 3rd period - Stopped by Tuukka Rask without a rebound.
18:56 of 3rd period - Travis Zajac wins face-off versus Ryan Kesler in Blues zone.
19:46 of 3rd period - Jake Gardiner is hit by Alexander Edler and loses puck.
Goals for this period are 3 for Predators vs 2 for Blues.
Shots for this period are 11 for Predators vs 10 for Blues.
Back to the Top